 Dungeon Sprint DCSS version 0.27-a0-1191-g601b473118 (webtiles) character file.

Game seed: 902938689833331246

1218 mhtbhm the Thaumaturge (level 8, 0/37 HPs)
             Began as a Spriggan Earth Elementalist on May 24, 2021.
             Was a Believer of Vehumet.
             Slain by Snorg (16 damage)
             ... in the Dungeon (Sprint III: "The Ten Rune Challenge").
             The game lasted 00:05:30 (1414 turns).

mhtbhm the Thaumaturge (SpEE)                       Turns: 1414, Time: 00:05:30

Health: 0/37       AC:  2    Str:  4    XL:     8   Next: 22%
Magic:  16/27      EV: 18    Int: 18    God:    Vehumet [**....]
Gold:   28         SH:  0    Dex: 14    Spells: 20/35 levels left

rFire    . . .     SeeInvis +   a - +2 dagger (venom)
rCold    . . .     Faith    .   (shield restricted)
rNeg     . . .     Spirit   .   c - +0 robe
rPois    .         Reflect  .   (helmet restricted)
rElec    .         Harm     .   (no cloak)
rCorr    .         Rampage  .   (gloves unavailable)
Will     +....     NoTele   +   (boots unavailable)
Stlth    +++.......             (no amulet)
HPRegen  0.12/turn              (no ring)
MPRegen  0.20/turn              (no ring)

@: very slightly contaminated, very quick
A: very small, no large weapons, unfitting armour, see invisible, speed 3,
clumsy 1, wild magic 1
a: Renounce Religion


You were in the Dungeon.
You worshipped Vehumet.
Vehumet was pleased with you.
You visited 1 branch You collected 28 gold pieces.

Inventory:

Hand Weapons
 a - a +2 dagger of venom (weapon)
Armour
 c - a +0 robe (worn)
Scrolls
 i - a scroll of blinking
 j - 3 scrolls of identify
 l - a scroll of torment {unknown}
 o - a scroll of holy word {unknown}
Potions
 d - 2 potions of curing
 e - a potion of heal wounds
 f - a potion of haste
 g - 2 potions of magic
 h - 2 potions of berserk rage
 k - 2 potions of flight
 m - 2 potions of cancellation {unknown}
 n - 4 potions of mutation
 p - a potion of might
Miscellaneous
 q - a phantom mirror (inert) (quivered)


   Skills:
 + Level 0.7 Fighting
 + Level 4.2 Dodging
 + Level 5.9 Stealth
 + Level 14.4 Spellcasting
 + Level 1.4 Transmutations
 + Level 11.6 Earth Magic


You had 20 spell levels left.
You knew the following spells:

 Your Spells              Type           Power      Damage    Failure   Level
a - Sandblast             Erth           100%       2d20      1%          1
b - Passwall              Tmut/Erth      39%        N/A       1%          2
c - Stone Arrow           Conj/Erth      88%        3d12      2%          3
d - Lee's Rapid Deconstr  Erth           32%        3d17*     2%          5
e - Petrify               Tmut/Erth      47%        N/A       5%          4

Your spell library contained the following spells:

 Spells                   Type           Power      Damage    Failure   Level
 Static Discharge         Conj/Air       16%        N/A       12%         2
 Beastly Appendage        Tmut           46%        N/A       4%          1
 Wereblood                Tmut           23%        N/A       7%          2
 Corona                   Hex            17%        N/A       8%          1
 Ensorcelled Hibernation  Hex/Ice        32%        N/A       12%         2
 Spider Form              Tmut/Pois      10%        N/A       16%         3
 Confusing Touch          Hex            16%        N/A       22%         3
 Dazzling Flash           Conj/Hex       32%        N/A       22%         3
 Tukima's Dance           Hex            16%        N/A       22%         3
 Ice Form                 Ice/Tmut       20%        N/A       45%         4
 Hydra Form               Tmut           11%        N/A       67%         5


Dungeon Overview and Level Annotations

Branches:
Dungeon (1/1)

Altars:
Cheibriados
Dithmenos
Elyvilon
Fedhas
Gozag
Hepliaklqana
Kikubaaqudgha
Makhleb
Nemelex Xobeh
Okawaru
Qazlal
Ru
Sif Muna
Trog
Uskayaw
Vehumet
Wu Jian
Xom
Yredelemnul
Zin
The Shining One
Beogh
Jiyva
Lugonu

Annotations:
D Snorg


Innate Abilities, Weirdness & Mutations

You are very small and have problems with some larger weapons.
You are too small for most types of armour.
You have supernaturally acute eyesight. (SInv)
You cover ground extremely quickly. (Speed+++)
You are clumsy. (Dex -2)
Your spells are a little harder to cast, but a little more powerful.


Message History

Casting: Sandblast (safe; 1% risk of failure)
Confirm with . or Enter, or press ? or * to list all spells.
Aiming: Stone Arrow (dangerous; 2% risk of failure)
Press: ? - help, Shift-Dir - straight line, f/p - Snorg
Aim: Snorg (severely wounded, berserk, ally target, 76% to hit)
The stone arrow hits Snorg!!
Snorg is severely wounded.
Snorg bites Snorg.
Snorg claws Snorg.
Snorg claws Snorg!
Snorg bites Snorg!
Snorg closely misses Snorg.
Snorg claws Snorg.
Unknown command.
Casting: Stone Arrow (dangerous; 2% risk of failure)
Confirm with . or Enter, or press ? or * to list all spells.
Okay, then.
You start resting.
You hear a shout! x2
Snorg is nearby!
Unknown command.
Casting: Stone Arrow (dangerous; 2% risk of failure)
Confirm with . or Enter, or press ? or * to list all spells.
Aiming: Stone Arrow (dangerous; 2% risk of failure)
Press: ? - help, Shift-Dir - straight line, f/p - Snorg
Aim: Snorg (almost dead, berserk, 76% to hit)
You miscast Stone Arrow.
You are very lightly contaminated with residual magic.
Nothing appears to happen.
Unknown command.
Unknown command.
Casting: Stone Arrow (dangerous; 2% risk of failure)
Confirm with . or Enter, or press ? or * to list all spells.
The spell is quite dangerous to cast (2% risk of failure)!
Continue anyway?
Aiming: Lee's Rapid Deconstruction (quite dangerous; 2% risk of failure)
Press: ? - help, Dir - move target, p - Snorg A rock wall.
The wall shatters!
The blast of rock fragments hits Snorg!!
Snorg is almost dead.
Snorg bites you!!
Ouch! That really hurt!
Snorg misses you. Snorg closely misses you. Snorg bites you!
You die...

♣..#...#__)#._#
♣♣..###)#†###'##
.♣..#.......÷..#
..♣.'.⌠........#
≈♣♣.#...######'#
....#.⌠.#__#...#+#####
....#...#__#...#..≈≈≈+
....#)###__#...#T#T§§#
....#...#__#...'@#§T§#
....#___#__'...#.#§.§#
▓▓▓▓▓▓▓▓▓▓▓▓▓▓▓▓▓▓▓▓▓▓


You could see Snorg (berserk).

Vanquished Creatures
  A deep elf pyromancer (D)
  A shadow (D)
  A spatial vortex (D)
  A necrophage (D)
  A water elemental (D)
  A jelly (D)
  A wizard (D)
  A necromancer (D)
  3 humans (D)
  A kobold demonologist (D)
  A phantom (D)
  4 rats (D)
17 creatures vanquished.

Vanquished Creatures (others)
  A plant (D)
1 creature vanquished.

Grand Total: 18 creatures vanquished

Notes
Turn   | Place    | Note
-------+----------+-------------------------------------------
     0 | D        | mhtbhm the Spriggan Earth Elementalist began the quest for
                  | the Orb.
     0 | D        | Reached XP level 1. HP: 9/9 MP: 5/5
   253 | D        | Reached skill level 4 in Spellcasting
   253 | D        | Reached XP level 2. HP: 13/13 MP: 0/8
   327 | D        | Learned a level 2 spell: Passwall
   421 | D        | Gained mutation: Armour fits poorly on your strangely
                  | shaped body. [potion of mutation]
   421 | D        | Gained mutation: You have large cloven feet. [potion of
                  | mutation]
   421 | D        | Lost mutation: You have large cloven feet. [potion of
                  | mutation]
   422 | D        | Lost mutation: Armour fits poorly on your strangely shaped
                  | body. [potion of mutation]
   422 | D        | Gained mutation: Your spells are a little harder to cast,
                  | but a little more powerful. [potion of mutation]
   422 | D        | Gained mutation: You are clumsy. (Dex -2) [potion of
                  | mutation]
   542 | D        | Noticed a water elemental
   559 | D        | Killed a water elemental
   560 | D        | Reached skill level 6 in Spellcasting
   560 | D        | Reached XP level 3. HP: 10/16 MP: 3/11
   560 | D        | Reached XP level 4. HP: 14/21 MP: 3/13
   564 | D        | Learned a level 3 spell: Stone Arrow
   673 | D        | Found a radiant altar of Vehumet.
   674 | D        | Found a shimmering blue altar of Sif Muna.
   674 | D        | Found an ancient bone altar of Kikubaaqudgha.
   674 | D        | Noticed a wizard
   677 | D        | Killed a wizard
   679 | D        | Noticed an orange demon
   680 | D        | Reached skill level 7 in Spellcasting
   720 | D        | Became a worshipper of Vehumet
   895 | D        | Found a basalt altar of Yredelemnul.
   895 | D        | Found a shadowy altar of Dithmenos.
   895 | D        | Found a sacrificial altar of Ru.
   895 | D        | Noticed a necrophage
   897 | D        | Reached XP level 5. HP: 24/24 MP: 14/16
   901 | D        | Killed a necrophage
   902 | D        | Reached skill level 9 in Spellcasting
   972 | D        | Learned a level 5 spell: Lee's Rapid Deconstruction
   977 | D        | Learned a level 4 spell: Petrify
   984 | D        | Found a glowing silver altar of Zin.
   984 | D        | Found a glowing golden altar of the Shining One.
   984 | D        | Found a white marble altar of Elyvilon.
   984 | D        | Noticed a deep elf pyromancer
   987 | D        | Killed a deep elf pyromancer
   987 | D        | Reached * piety under Vehumet
   987 | D        | Offered knowledge of Freeze by Vehumet.
   988 | D        | Reached skill level 5 in Stealth
   988 | D        | Reached skill level 12 in Spellcasting
   988 | D        | Reached skill level 10 in Earth Magic
   988 | D        | Reached XP level 6. HP: 29/29 MP: 2/22
   988 | D        | Reached XP level 7. HP: 32/32 MP: 2/24
  1107 | D        | Found a hide-covered altar of Uskayaw.
  1107 | D        | Found an iron altar of Okawaru.
  1107 | D        | Found a bloodstained altar of Trog.
  1107 | D        | Found an ornate altar of the Wu Jian Council.
  1107 | D        | Noticed a human
  1107 | D        | Noticed a human
  1110 | D        | Killed a human
  1110 | D        | Killed a human
  1111 | D        | Reached skill level 13 in Spellcasting
  1202 | D        | Noticed a shadow
  1205 | D        | Killed a shadow
  1205 | D        | Offered knowledge of Static Discharge by Vehumet.
  1205 | D        | Reached ** piety under Vehumet
  1206 | D        | Reached skill level 14 in Spellcasting
  1206 | D        | Reached XP level 8. HP: 37/37 MP: 12/27
  1309 | D        | Found a blossoming altar of Fedhas.
  1309 | D        | Found a stormy altar of Qazlal.
  1309 | D        | Found a snail-covered altar of Cheibriados.
  1309 | D        | Found a burning altar of Makhleb.
  1309 | D        | Found a shimmering altar of Xom.
  1310 | D        | Found a hazy altar of Hepliaklqana.
  1310 | D        | Found an opulent altar of Gozag.
  1310 | D        | Found a sparkling altar of Nemelex Xobeh.
  1310 | D        | Found a corrupted altar of Lugonu.
  1310 | D        | Found a viscous altar of Jiyva.
  1404 | D        | Noticed Snorg
  1414 | D        | Slain by Snorg

Illustrated notes

Levels and vault maps discovered:
D:        dungeon_sprint_mu [sprint_mu_entry_forest, sprint_mu_temple_rooms,
          sprint_mu_d1_horrors, sprint_mu_d2_genie, sprint_mu_d3_branching,
          sprint_mu_orc_legion, sprint_mu_elf_gauntlet, sprint_mu_hive_nellie,
          sprint_mu_lair_fedhas, sprint_mu_vaults_butterflies,
          sprint_mu_slime_circle, sprint_mu_swamp_cave, sprint_mu_shoals_archi,
          sprint_mu_blade_basic, sprint_mu_crypt_lich, sprint_mu_tomb_spiral,
          sprint_mu_vestibule_basic, sprint_mu_gehenna_hellfire,
          sprint_mu_dis_giant, sprint_mu_tartarus_statrot,
          sprint_mu_cocytus_islands, sprint_mu_zot1]

Skill      XL: |  1  2  3  4  5  6  7 |
---------------+----------------------+-----
Earth Magic    | 4 6 7 10 11 | 11.6
Dodging        | 3 4 |  4.2
Spellcasting   | 4 6 7 12 14 | 14.4
Stealth        | 4 5 |  5.9
Fighting       | |  0.7
Transmutations | |  1.4

Action                   |  1- 3 |  4- 6 |  7- 9 || total
-------------------------+-------+-------+-------++-------
 Cast: Sandblast         |    20 |     9 |     1 ||    30
       Stone Arrow       |       |     1 |     1 ||     2
       Lee's Rapid Decon |       |     3 |    11 ||    14
Evoke: Phantom mirror    |       |       |     1 ||     1
  Use: Potion            |     2 |       |       ||     2
Dodge: Dodged            |     2 |     3 |     2 ||     7

Table legend: (Time is in decaauts)
 A = Elapsed time spent in this place.
 B = Non-inter-level travel time spent in this place.
 C = Inter-level travel time spent in this place.
 D = Time resting spent in this place.
 E = Time spent auto-exploring this place.
 F = Levels seen in this place.
 G = Mean time per level.
                   A        B        C        D        E       F      G
               +--------+--------+--------+--------+--------+-----+--------+
         Total |   1321 |   1321 |      0 |   1082 |      8 |   1 | 1321.0 |
       Dungeon |   1321 |   1321 |      0 |   1082 |      8 |   1 | 1321.0 |
               +--------+--------+--------+--------+--------+-----+--------+

Top non-repeatable levels by time:
       D: 1321 daAuts
